 Dungeon Crawl Stone Soup version 0.26-a0-438-g4b1dca4f87 (webtiles) character file.

Game seed: 12515286373694789682

28 Misa the Chiller (level 3, 19/27 HPs)
             Began as a Barachi Ice Elementalist on July 26, 2020.
             Quit the game on level 1 of the Dungeon.
             The game lasted 00:02:49 (1402 turns).

Misa the Chiller (Barachi Ice Elementalist)         Turns: 1402, Time: 00:02:50

Health: 19/27      AC:  2    Str:  9    XL:     3   Next: 14%
Magic:  7/7        EV: 12    Int: 16    God:
Gold:   36         SH:  0    Dex: 12    Spells: 6/7 levels left

rFire    . . .     SeeInvis .   e - +0 club
rCold    . . .     Faith    .   (no shield)
rNeg     . . .     Spirit   .   a - +0 robe
rPois    .         Reflect  .   (no helmet)
rElec    .         Harm     .   (no cloak)
rCorr    .                      (no gloves)
MR       .....                  (no boots)
Stlth    ++........             (no amulet)
HPRegen  0.09/turn              (no ring)
MPRegen  0.10/turn              (no ring)

@: slow
A: +LOS, swims, slowness 1, strong legs 1
a: Hop


You were on level 1 of the Dungeon.
You visited 1 branch of the dungeon, and saw 2 of its levels.

You collected 36 gold pieces.

Inventory:

Hand Weapons
 e - a +0 club (weapon)
Armour
 a - a +0 robe (worn)
Scrolls
 b - 2 scrolls of identify {unknown}
 d - 3 scrolls of magic mapping {unknown}
 i - 2 scrolls of teleportation {unknown}
Potions
 c - a potion of invisibility {unknown}
 f - a potion of heal wounds {unknown}
 g - 2 potions of might {unknown}
 h - a potion of lignification {unknown}
 j - a potion of stabbing {unknown}


   Skills:
 + Level 1.7 Fighting
 - Level 2.1 Dodging
 - Level 1.7 Stealth
 + Level 2.7 Spellcasting
 + Level 5.2 Ice Magic


You had 6 spell levels left.
You knew the following spells:

 Your Spells              Type           Power        Failure   Level
a - Freeze                Ice            ###.         2%          1

Your spell library contained the following spells:

 Spells                   Type           Power        Failure   Level
 Frozen Ramparts          Ice            ###...       7%          3
 Ozocubu's Armour         Ice            ###.....     7%          3
 Hailstorm                Conj/Ice       ##......     54%         4
 Summon Ice Beast         Ice/Summ       ##......     54%         4


Dungeon Overview and Level Annotations

Branches:
Dungeon (2/15)

Altars:


Innate Abilities, Weirdness & Mutations

You can be seen from farther away. (+LOS)
You can swim through water.
You cover ground slowly.
You can hop short distances.


Message History

Found a leather armour.
A kobold comes into view.
Found a scroll labeled RIATREGI YMUL.
The kobold shouts!
The kobold throws a stone.
The stone misses you.
The kobold throws a stone.
The stone closely misses you. The kobold hits you.
You hit the kobold.
The kobold is severely wounded.
The kobold closely misses you. x2
You hit the kobold but do no damage.
The kobold is severely wounded.
The kobold hits you.
You closely miss the kobold.
The kobold is severely wounded.
The kobold hits you.
You hit the kobold.
You kill the kobold!
You see here a kobold corpse.
Are you sure you want to abandon this character and quit the game? (Confirm with "yes".)

#.##.# ##'## #...## #.
###.##.# #.# #....# #.
.......# #.# #....# #.
....########(### ####^# #.
###.#[.........## #.# #.
###.#.####......## #.# #.
....#.####.....?.# #.# #
.................########.#
###.#.####......@.........#
....#.# ##....†###########
#####.######...##
#......(.### ##########


There were no monsters in sight!

Vanquished Creatures
  A dart slug (D:1)
  A leopard gecko (D:1)
  2 giant cockroaches (D:1)
  4 goblins (D:1)
  4 hobgoblins (D:1)
  3 jackals (D:1)
  3 bats (D:1)
  2 frilled lizards (D:1)
  A kobold (D:1)
21 creatures vanquished.

Notes
Turn   | Place    | Note
-------+----------+-------------------------------------------
     0 | D:1      | Misa the Barachi Ice Elementalist began the quest for the
                  | Orb.
     0 | D:1      | Reached XP level 1. HP: 13/13 MP: 3/3
   284 | D:1      | Reached skill level 5 in Ice Magic
   286 | D:1      | Reached XP level 2. HP: 17/20 MP: 0/5
   364 | D:1      | Reached skill level 1 in Fighting
   888 | D:2      | Found a faded altar of an unknown god.
   894 | D:1      | Reached XP level 3. HP: 10/26 MP: 4/7
  1402 | D:1      | Quit the game

Illustrated notes

Levels and vault maps discovered:
D:1:      dpeg_arrival_rooms_c, layout_loops_corners
D:2:      layout_basic, chequers_ecumenical_altar_simple_redux,
          supply_closet_lemuel, item_on_display_a, uniq_sigmund, uniq_terence

Skill      XL: |  1  2 |
---------------+-------+-----
Ice Magic      | 5 |  5.2
Fighting       | 1 |  1.7
Dodging        | |  2.1
Stealth        | |  1.7
Spellcasting   | |  2.7

Action                   || total
-------------------------++-------
Melee: Club              ||    35
       Unarmed           ||     1
 Cast: Freeze            ||    29
 Abil: Hop               ||     1
 Stab: Sleeping          ||     1
Armor: Robe              ||    19
Dodge: Dodged            ||    42

Table legend: (Time is in decaauts)
 A = Elapsed time spent in this place.
 B = Non-inter-level travel time spent in this place.
 C = Inter-level travel time spent in this place.
 D = Time resting spent in this place.
 E = Time spent auto-exploring this place.
 F = Levels seen in this place.
 G = Mean time per level.
                   A        B        C        D        E       F      G
               +--------+--------+--------+--------+--------+-----+--------+
         Total |   1513 |   1513 |      0 |    770 |    494 |   2 |  756.5 |
       Dungeon |   1513 |   1513 |      0 |    770 |    494 |   2 |  756.5 |
               +--------+--------+--------+--------+--------+-----+--------+

Top non-repeatable levels by time:
     D:1: 1509 daAuts
     D:2: 4 daAuts
